 Dungeon Crawl Stone Soup version 0.28-a0-1182-g381e24db82 (webtiles) character file.

Game seed: 12081870618385876964

981 ChaosChampion the Insei (level 8, -9/48 HPs)
             Began as an Octopode Transmuter on Dec 17, 2021.
             Shot with an arrow by a centaur (18 damage)
             ... on level 6 of the Dungeon.
             The game lasted 00:07:31 (6121 turns).

ChaosChampion the Insei (Octopode Transmuter)       Turns: 6121, Time: 00:07:32

Health: -9/48      AC:  2    Str:  9    XL:     8   Next: 17%
Magic:  8/11       EV: 19    Int: 18    God:
Gold:   285        SH:  0    Dex: 19    Spells: 1/11 levels left

rFire   . . .      SeeInvis .     - Unarmed
rCold   . . .      Faith    .   (shield currently unavailable)
rNeg    . . .      Spirit   .   (helmet currently unavailable)
rPois   x          Reflect  .   (no amulet)
rElec   .          Harm     .   k - +4 ring of slaying
rCorr   .          Rampage  .   (no ring)
Will    .....                   (no ring)
Stlth   ++........              (no ring)
HPRegen 0.16/turn               (no ring)
MPRegen 0.12/turn               (no ring)
                                (no ring)
                                (no ring)

@: spider-form, wereblooded
A: venomous fangs, almost no armour, (amphibious), 8 rings, tiny, (camouflage
1), (gelatinous body 1), (nimble swimmer 1), (tentacles), agile 1
a: End Transformation


You were on level 6 of the Dungeon.
You were a venomous arachnid creature.
You visited 1 branch of the dungeon, and saw 6 of its levels.

You collected 285 gold pieces.

Inventory:

Magical Staves
 h - a staff of poison (melded)
Jewellery
 k - a +4 ring of slaying (left front leg)
Wands
 p - a wand of iceblast (3)
Scrolls
 a - a scroll of enchant weapon
 e - a scroll of teleportation
 j - a scroll of blinking {unknown}
 l - a scroll of fog
 n - a scroll of enchant armour {unknown}
Potions
 b - a potion of mutation
 c - a potion of flight
 d - a potion of brilliance {unknown}
 f - 2 potions of attraction {unknown}
 g - a potion of haste {unknown}
 i - a potion of degeneration {unknown}
 m - 5 potions of curing
 o - 2 potions of ambrosia {unknown}
 r - a potion of resistance
 s - a potion of magic {unknown}


   Skills:
 - Level 1.0 Fighting
 - Level 2.0 Dodging
 + Level 7.1 Unarmed Combat
 - Level 2.0 Spellcasting
 + Level 6.2 Transmutations
 * Level 0.1 Ice Magic
 - Level 3.0 Poison Magic


You had one spell level left.
You knew the following spells:

 Your Spells              Type           Power      Damage    Failure   Level
a - Beastly Appendage     Tmut           48%        N/A       6%          1
b - Wereblood             Tmut           24%        N/A       9%          2
c - Spider Form           Tmut/Pois      18%        N/A       22%         3
d - Ice Form              Ice/Tmut       13%        N/A       67%         4

Your spell library contained the following spells:

 Spells                   Type           Power      Damage    Failure   Level
 Stone Arrow              Conj/Erth      2%         3d7       69%         3
 Lehudib's Crystal Spear  Conj/Erth      0%         10d2      100%        8
 Animate Armour           Summ/Erth      Unusable   N/A       N/A         4

Dungeon Overview and Level Annotations

Branches:
Dungeon (6/15)
 Temple: D:4-7

Altars:
Sif Muna
The Shining One

Shops:
D:4 !   D:6 :


Innate Abilities, Weirdness & Mutations

You are a venomous arachnid creature.
You have poisonous fangs.
You are tiny and dextrous.
Your spellcasting is less reliable in this form.
Your armour is entirely melded.
You are incapable of wielding weapons or throwing items.
You cannot wear most types of armour.
((You are amphibious.))
You can wear up to eight rings at the same time.
((Your skin changes colour to match your surroundings (Stealth+).))
((Your rubbery body absorbs attacks. (AC +1, EV +1)))
((You are camouflaged near water. (Stealth+)))
((You have tentacles for arms and can constrict up to eight enemies at once.))
You are agile. (Dex +2)


Message History

The electric eel shoots out a bolt of lightning at you!
The bolt of electricity hits you!
* * * LOW HITPOINT WARNING * * *
You start resting.
A necrophage comes into view.
A necrophage is nearby!
You see here 9 gold pieces.
As you read the scroll of teleportation, it crumbles to dust.
You feel strangely unstable.
Your surroundings suddenly seem different.
A centaur, an ogre and an ufetubus come into view.
Found a scroll of teleportation, a whip and a glowing spear.
It was a potion of curing.
You feel better.
The centaur shouts!
The ufetubus shouts!
The ogre shouts!
The centaur wields a +0 shortbow.
The centaur shoots an arrow.
The arrow hits you!
* * * LOW HITPOINT WARNING * * *
A howler monkey comes into view.
You feel better.
The centaur shoots an arrow.
The arrow hits you!
* * * LOW HITPOINT WARNING * * *
The centaur shoots an arrow.
The arrow hits you.
* * * LOW HITPOINT WARNING * * *
You feel better.
The howler monkey howls!
The ufetubus closely misses you. x2; The centaur shoots an arrow.
The arrow misses you. The ufetubus barely misses you. x2
You hit the ufetubus.
The ufetubus is poisoned.
The ufetubus is almost dead.
You feel a bit better.
You kill the ufetubus!
The centaur shoots an arrow.
The arrow closely misses you.
You feel better.
The centaur shoots an arrow.
The arrow hits you!
* * * LOW HITPOINT WARNING * * *
The howler monkey closely misses you.
The centaur shoots an arrow.
The arrow barely misses you. The ogre closely misses you.
You hit the howler monkey.
The howler monkey is lightly wounded.
The howler monkey barely misses you.
The centaur shoots an arrow.
The arrow hits you!!
You die...

## #.# #. ..
... .. # # .#
#.# #. .. #)
....... .. #.
.#.#. .# ..
... ..
##.#.#h#.#.##
#.....s.c...#
##.#.#O#.#.#..
# ... .. .....
... ##.....
... ##..#.. ..
#####.. . ...


You could see an ogre, a centaur and a howler monkey.

Vanquished Creatures
  3 ogres
  A bullfrog (D:3)
  A water moccasin skeleton (D:4)
  2 howler monkeys (D:5)
  A bullfrog zombie (D:5)
  A gnoll shaman (D:6)
  2 hounds
  A centaur skeleton (D:6)
  An orc priest (D:4)
  A bullfrog skeleton (D:5)
  A jelly (D:5)
  3 iguanas (D:5)
  An orc wizard (D:4)
  A hound skeleton (D:4)
  4 gnolls (D:6)
  7 adders
  An ufetubus (D:6)
  A worm (D:3)
  2 dart slugs (D:4)
  3 orcs
  10 endoplasms
  3 giant cockroaches
  5 goblins
  3 hobgoblins
  5 jackals
  2 quokkas
  6 ball pythons
  A ball python skeleton (D:2)
  3 bats
  3 frilled lizards
  8 kobolds
  6 rats
93 creatures vanquished.

Vanquished Creatures (others)
  An orc (D:4)
1 creature vanquished.

Grand Total: 94 creatures vanquished

Notes
Turn   | Place    | Note
-------+----------+-------------------------------------------
     0 | D:1      | ChaosChampion the Octopode Transmuter began the quest for
                  | the Orb.
     0 | D:1      | Reached XP level 1. HP: 13/13 MP: 3/3
   394 | D:1      | Reached XP level 2. HP: 18/18 MP: 3/5
  1188 | D:2      | Learned a level 2 spell: Wereblood
  1284 | D:2      | Noticed a black bear
  1337 | D:3      | Reached XP level 3. HP: 21/23 MP: 4/6
  1341 | D:3      | Learned a level 3 spell: Spider Form
  1372 | D:3      | Noticed a bullfrog
  1387 | D:3      | Killed a bullfrog
  1388 | D:3      | Reached skill level 4 in Unarmed Combat
  1388 | D:3      | Reached XP level 4. HP: 16/28 MP: 4/7
  1812 | D:3      | Reached XP level 5. HP: 27/33 MP: 2/8
  2330 | D:2      | Found a faded altar of an unknown god.
  2607 | D:2      | Reached skill level 1 in Poison Magic
  3481 | D:4      | Reached skill level 5 in Unarmed Combat
  3688 | D:4      | Reached XP level 6. HP: 38/38 MP: 4/9
  4611 | D:4      | Found Emus's Distillery.
  4713 | D:5      | Entered Level 5 of the Dungeon
  4733 | D:5      | Reached XP level 7. HP: 43/43 MP: 4/10
  4736 | D:5      | Reached skill level 6 in Unarmed Combat
  4947 | D:5      | Reached skill level 5 in Transmutations
  5403 | D:5      | Found a shimmering blue altar of Sif Muna.
  5636 | D:5      | Reached XP level 8. HP: 48/48 MP: 5/11
  5737 | D:5      | Found a glowing golden altar of the Shining One.
  5977 | D:6      | Gained mutation: You are agile. (Dex +2) [potion of
                  | mutation]
  6023 | D:6      | Reached skill level 7 in Unarmed Combat
  6083 | D:6      | Learned a level 4 spell: Ice Form
  6099 | D:6      | Found Xyryrog's Self-Improvement Boutique.
  6121 | D:6      | Shot with an arrow by a centaur

Illustrated notes

Levels and vault maps discovered:
D:1:      psy_arrival_terrarium, layout_loops_ring
D:2:      layout_basic, ebering_ecumenical_altar_rust, minmay_pentomino_pile
D:3:      layout_rooms, hangedman_decor_points
D:4:      layout_cave_pools, serial_shops, nicolae_take_the_stairs
D:5:      layout_basic, marbit_many_paths, mainiacjoe_overflow_cross_hatched
D:6:      layout_cave_pools, nicolae_kikubaaqudgha_miasma_corner,
          okawaru_altar_gauntlet_db, minmay_temple_entry_drinking_statues,
          st_stairs_10, nicolae_shop_self_help

Skill      XL: |  1  2  3  4  5  6  7  8 |
---------------+-------------------------+-----
Unarmed Combat | 4 5 6 7 |  7.1
Transmutations | 3 4 5 6 |  6.2
Poison Magic   | 2 3 |  3.0
Fighting       | |  1.0
Dodging        | |  2.0
Spellcasting   | |  2.0
Ice Magic      | |  0.1

Action                   |  1- 3 |  4- 6 |  7- 9 || total
-------------------------+-------+-------+-------++-------
Melee: Unarmed           |    48 |    74 |    56 ||   178
       Kick              |     9 |     9 |       ||    18
       Constrict         |     9 |    13 |     2 ||    24
       Tentacles         |     2 |     5 |     2 ||     9
       Staff             |       |    35 |     4 ||    39
       Punch             |       |     2 |       ||     2
 Cast: Beastly Appendage |    21 |    10 |       ||    31
       Spider Form       |     1 |    15 |    11 ||    27
       Wereblood         |       |    10 |    10 ||    20
  Use: Scroll            |       |       |     9 ||     9
       Potion            |       |       |     5 ||     5
 Stab: Sleeping          |     8 |     4 |       ||    12
Armor: Skin              |     3 |     5 |     1 ||     9
Dodge: Dodged            |    24 |    79 |    58 ||   161

Table legend: (Time is in decaauts)
 A = Elapsed time spent in this place.
 B = Non-inter-level travel time spent in this place.
 C = Inter-level travel time spent in this place.
 D = Time resting spent in this place.
 E = Time spent auto-exploring this place.
 F = Levels seen in this place.
 G = Mean time per level.
                   A        B        C        D        E       F      G
               +--------+--------+--------+--------+--------+-----+--------+
         Total |   6113 |   6048 |     65 |   1209 |   3869 |   6 | 1018.8 |
       Dungeon |   6113 |   6048 |     65 |   1209 |   3869 |   6 | 1018.8 |
               +--------+--------+--------+--------+--------+-----+--------+

Top non-repeatable levels by time:
     D:2: 1361 daAuts
     D:5: 1239 daAuts
     D:3: 1220 daAuts
     D:4: 1075 daAuts
     D:1: 1063 daAuts
     D:6: 153 daAuts
